Selects Panzerjäger Kommand Battlegroup
Construct Light Support Kompanie
Selects GrB 39 Grenade Launcher Requisition
Selects Defensive Positions
Construct Panzerarmee Kommand
Flak 36 Anti-tank Gun Team
Selects Butterfly Bomb Drop
Selects Crew Shock Tactics
Walking Stuka Rocket Launcher
Selects Anti-tank Overwatch
Flak 36 Anti-tank Gun Team
Walking Stuka Rocket Launcher
Kradschützen Motorcycle Team
Kradschützen Motorcycle Team
Kradschützen Motorcycle Team
Kradschützen Motorcycle Team
Kradschützen Motorcycle Team
Kradschützen Motorcycle Team